[Event "Titled Tuesday Blitz March 22 Early 2022"]
[White "Araujo Filho, Luiz Antonio Coel"]
[Black "Reprintsev, Alexander"]
[WhiteFideId "2130661"]
[BlackFideId "14100541"]
[WhiteElo "2258"]
[BlackElo "2108"]
[Result "0-1"]
[Round "10"]
[TimeControl "180+1"]
[Date "2022.03.22"]
[WhiteClock "0:00:02"]
[BlackClock "0:00:36"]

1. d4 d5 2. Nf3 Nc6 3. e3 Bg4 4. Be2 e6 5. b3 f5 6. Bb2 Nf6 7. Nbd2 Ne4 8. O-O a5 9. c4 a4 10. bxa4 Bb4 11. Nxe4 fxe4 12. Ne5 Bxe2 13. Qxe2 Nxe5 14. dxe5 O-O 15. cxd5 exd5 16. Qb5 c5 17. Qxb7 Rxa4 18. Rfd1 d4 19. exd4 c4 20. Qb5 Qa8 21. Qxc4+ Kh8 22. Qb3 Be7 23. a3 Ra6 24. d5 Bc5 25. Bd4 Rb8 26. Qc3 Bxa3 27. e6 Bf8 28. Be5 Rc8 29. e7 Rxc3 30. Rxa6 Qe8 31. exf8=Q+ Qxf8 32. Bxc3 h5 33. Ra7 Qc5 34. Bd4 Qc2 35. Raa1 Kh7 36. d6 Qc6 37. Be3 Qd7 38. Rac1 h4 39. h3 Kg6 40. Rd4 Kf5 41. Rcd1 g5 42. Rd5+ Ke6 43. Rxg5 Qa4 44. Rg6+ Kf7 0-1


[Site "https://www.chess.com"]

[Event "Titled Tuesday Blitz March 22 Early 2022"]
[White "Avazkhonov, Alikhon"]
[Black "Urazayev, Arystanbek"]
[WhiteFideId "14208504"]
[BlackFideId "13709810"]
[WhiteElo "1739"]
[BlackElo "2393"]
[Result "0-1"]
[Round "10"]
[TimeControl "180+1"]
[Date "2022.03.22"]
[WhiteClock "0:00:02"]
[BlackClock "0:01:31"]

1. f4 g5 2. fxg5 h6 3. gxh6 Bxh6 4. Nf3 Nc6 5. d4 Bxc1 6. Qxc1 d5 7. Nc3 Bf5 8. Qg5 e6 9. Qxd8+ Rxd8 10. O-O-O Nf6 11. g3 Ng4 12. Rd2 Ne3 13. b3 Nb4 14. Ne1 Nxf1 15. Rxf1 Rxh2 16. e3 Rh3 17. a3 Nc6 18. Ne2 Ne7 19. Nf3 f6 20. Rg1 Ng6 21. Nf4 Nxf4 22. exf4 Be4 23. Rh2 Rxh2 24. Nxh2 Kf7 25. Ng4 Rh8 26. Nf2 Rh2 27. Rf1 Kg6 28. Kd2 Bg2 29. Rg1 Be4 30. Rf1 b6 31. c4 c5 32. Ke3 Bg2 33. Rg1 dxc4 34. bxc4 cxd4+ 35. Kxd4 Bc6 36. Rf1 Rg2 37. g4 Rg3 38. Re1 Kf7 39. Re3 Rg2 40. Re2 Bf3 41. Rd2 Bxg4 42. Kc3 Bf5 43. Rd7+ Kg6 44. Nd1 a5 45. a4 Rf2 46. Ne3 Rf3 47. Kd4 Rxf4+ 48. Kc3 Rf3 49. Kd2 e5 50. Rb7 Rf2+ 51. Ke1 Ra2 52. Nd5 Be4 53. Ne7+ Kg5 54. Rxb6 Rxa4 55. c5 Rc4 56. c6 a4 57. Ra6 Kf4 58. Ke2 f5 59. Ng6+ Kg3 60. Nxe5 Rc5 61. Nd3 Rc2+ 62. Ke3 Rxc6 63. Rxc6 Bxc6 64. Nb4 f4+ 65. Ke2 f3+ 66. Kf1 Bb5+ 67. Ke1 f2+ 0-1


[Site "https://www.chess.com"]

[Event "Titled Tuesday Blitz March 22 Early 2022"]
[White "Bachmann, Axel"]
[Black "Kotepalli, Sai Nirupama"]
[WhiteFideId "3700488"]
[BlackFideId "5039444"]
[WhiteElo "2587"]
[BlackElo "2404"]
[Result "0-1"]
[Round "10"]
[TimeControl "180+1"]
[Date "2022.03.22"]
[WhiteClock "0:00:02"]
[BlackClock "0:00:13"]

1. d4 g6 2. g3 Bg7 3. Bg2 e6 4. e4 Ne7 5. Ne2 d5 6. e5 c5 7. c3 Nbc6 8. O-O Qb6 9. a4 cxd4 10. cxd4 Nf5 11. a5 Nxa5 12. g4 Ne7 13. Qa4+ Nac6 14. Nbc3 Bd7 15. Nb5 Nxe5 16. Nec3 Nxg4 17. Bg5 Nf5 18. Bxd5 Nxd4 19. Bxb7 Qxb7 20. Nd6+ Kf8 21. Nxb7 Bxa4 22. Rxa4 Nf3+ 23. Kg2 Ngxh2 24. Rd1 Nxg5 25. Kxh2 Bf6 26. Kg2 Kg7 27. Rd7 Bxc3 28. bxc3 Rhc8 29. Rf4 h5 30. Nd6 Rf8 31. c4 Rad8 32. Rxd8 Rxd8 33. c5 e5 34. Ra4 Ne6 35. Nb7 Rc8 36. Ra5 Rc7 37. Rxa7 Nxc5 38. Nxc5 Rxa7 39. Nd3 Re7 40. Nc5 f5 41. Nd3 Kf6 42. Nb4 e4 43. Nd5+ Ke6 44. Nf4+ Kf7 45. Nd5 Re5 46. Ne3 g5 47. Nc4 Ke6 48. Ne3 f4 49. Nc4 Kd5 50. Nb6+ Kd4 51. Nd7 e3 52. fxe3+ Rxe3 53. Nf6 h4 54. Ng4 Rg3+ 55. Kf2 Rxg4 0-1


[Site "https://www.chess.com"]

[Event "Titled Tuesday Blitz March 22 Early 2022"]
[White "Baker, Chris W"]
[Black "Rosen, Eric"]
[WhiteFideId "401676"]
[BlackFideId "2032562"]
[WhiteElo "2301"]
[BlackElo "2362"]
[Result "1-0"]
[Round "10"]
[TimeControl "180+1"]
[Date "2022.03.22"]
[WhiteClock "0:01:18"]
[BlackClock "0:00:02"]

1. c4 e5 2. Nc3 Nc6 3. g3 f5 4. Bg2 Nf6 5. d3 Bb4 6. Nf3 Bxc3+ 7. bxc3 d6 8. O-O O-O 9. Rb1 Qe8 10. d4 e4 11. Ng5 h6 12. Nh3 g5 13. c5 Qh5 14. cxd6 cxd6 15. e3 f4 16. Qxh5 Nxh5 17. f3 exf3 18. Bxf3 Bxh3 19. Bxh5 Bxf1 20. Kxf1 fxg3+ 21. Kg2 gxh2 22. Ba3 Rad8 23. Rxb7 Rf2+ 24. Kh1 Rxa2 25. Bf7+ Kh8 26. Bxa2 Rf8 27. Bd5 Nd8 28. Rxa7 Rf2 29. Bxd6 g4 30. Be5+ 1-0


[Site "https://www.chess.com"]

[Event "Titled Tuesday Blitz March 22 Early 2022"]
[White "Bashirli, Saadat"]
[Black "Osmonbekov, Talaibek"]
[WhiteFideId "13429990"]
[BlackFideId "2017253"]
[WhiteElo "1173"]
[BlackElo "2135"]
[Result "1-0"]
[Round "10"]
[TimeControl "180+1"]
[Date "2022.03.22"]
[WhiteClock "0:01:25"]
[BlackClock "0:00:01"]

1. d4 e6 2. e4 d5 3. Nc3 Nf6 4. e5 Nfd7 5. Be2 c5 6. Be3 Nc6 7. Nf3 cxd4 8. Bxd4 Nxd4 9. Qxd4 Bc5 10. Qd2 O-O 11. O-O f6 12. exf6 Nxf6 13. Bd3 Qe8 14. Rfe1 Qh5 15. Re5 Qe8 16. Rae1 Bd6 17. R5e2 Bd7 18. Ng5 e5 19. Nxd5 Nxd5 20. Bxh7+ Kh8 21. Qxd5 Be7 22. Rxe5 Bxg5 23. Rxe8 Raxe8 24. Rxe8 Rxe8 25. h3 Re1+ 26. Kh2 Bf4+ 27. g3 Kxh7 28. Qxd7 Bc1 29. Qd3+ Kh8 30. b3 Bb2 31. c4 Bf6 32. Qf3 Ra1 33. Qxb7 Rxa2 34. Qf3 a5 35. Kg2 Ra3 36. c5 a4 37. Qa8+ Kh7 38. bxa4 Ra2 39. c6 Bd4 40. Qf8 Rxa4 41. c7 1-0


[Site "https://www.chess.com"]

[Event "Titled Tuesday Blitz March 22 Early 2022"]
[White "Batsiashvili, Nino"]
[Black "Skliarov, Viktor"]
[WhiteFideId "13602993"]
[BlackFideId "14106736"]
[WhiteElo "2192"]
[BlackElo "2229"]
[Result "0-1"]
[Round "10"]
[TimeControl "180+1"]
[Date "2022.03.22"]
[WhiteClock "0:00:09"]
[BlackClock "0:00:06"]

1. d4 Nf6 2. c4 e6 3. Nc3 Bb4 4. Nf3 b6 5. e3 Bb7 6. Bd3 Ne4 7. O-O Bxc3 8. bxc3 O-O 9. Nd2 f5 10. f3 Nxd2 11. Bxd2 c5 12. Rb1 d6 13. e4 fxe4 14. fxe4 Nc6 15. Qg4 Qd7 16. e5 dxe5 17. d5 Ne7 18. Rbe1 Ng6 19. Bxg6 hxg6 20. Rxf8+ Rxf8 21. Rxe5 Qf7 22. Qxe6 Bc8 23. Qxf7+ Kxf7 24. Kf2 Re8 25. Rg5 Ba6 26. Rg4 Re5 27. h4 Re8 28. a3 Re5 29. Bg5 Ke8 30. d6 Kd7 31. Be7 Re6 32. Rg5 Ke8 33. h5 gxh5 34. Rxg7 Bxc4 35. Rg8+ Kd7 36. Rd8+ Kc6 37. Bg5 Re2+ 38. Kg3 Re1 39. Bf4 Rd1 40. Rc8+ Kd7 41. Rc7+ Ke6 42. Rxa7 Bb5 43. Re7+ Kf6 44. Rb7 Bc6 45. Rxb6 Be4 46. a4 Kf5 47. Bh6 Rd3+ 48. Kh4 Rxc3 49. g3 Rd3 50. Kxh5 Rd1 51. g4+ Ke6 52. g5 Bf3+ 53. Kh4 Rh1+ 54. Kg3 Be4 55. Kf4 Re1 56. Bf8 c4 57. d7+ Kxd7 58. Rd6+ Kc7 59. Rd4 Bd3 60. g6 Rf1+ 61. Ke3 Rxf8 62. g7 Rg8 63. a5 Kc6 64. Rf4 Kb5 65. Rf6 Kxa5 0-1


[Site "https://www.chess.com"]

[Event "Titled Tuesday Blitz March 22 Early 2022"]
[White "Begunov, Konstantin"]
[Black "Hua, Lefong"]
[WhiteFideId "4118510"]
[BlackFideId "2602253"]
[WhiteElo "2262"]
[BlackElo "2569"]
[Result "1/2-1/2"]
[Round "10"]
[TimeControl "180+1"]
[Date "2022.03.22"]
[WhiteClock "0:00:07"]
[BlackClock "0:00:09"]

1. d4 Nf6 2. c4 c5 3. Nf3 g6 4. Nc3 Bg7 5. g3 O-O 6. Bg2 d6 7. O-O Nc6 8. d5 Na5 9. Nd2 a6 10. a3 b5 11. cxb5 axb5 12. b4 Nd7 13. Bb2 Nc4 14. Nxc4 bxc4 15. b5 Qa5 16. Qc2 Nb6 17. a4 Bf5 18. e4 Bd7 19. Ra2 e6 20. Rfa1 exd5 21. Nxd5 Nxd5 22. Bxg7 Nb4 23. Qb2 Nxa2 24. Rxa2 Qe1+ 25. Bf1 Rfe8 26. Ra1 Qb4 27. Qf6 Re6 28. Qc3 Qxc3 29. Bxc3 Kf8 30. Bxc4 Rxe4 31. Bd5 Rexa4 32. Bxa8 Rxa1+ 33. Bxa1 Bxb5 34. Bc3 Ke7 35. f4 Ke6 36. Kf2 d5 37. Kf3 d4 38. Ba5 f5 39. Bb7 Kd6 40. Kf2 Bd3 41. Bf3 Be4 42. Be2 Kd5 43. Ke1 c4 44. Kd2 c3+ 45. Bxc3 dxc3+ 46. Kxc3 Kc5 47. Bd1 Bd5 48. Bc2 h5 49. h4 Be4 50. Bb3 Bd5 51. Ba4 Bf7 52. Kd3 Bc4+ 53. Ke3 Bf7 54. Bd7 Kc4 55. Bc8 Kc3 56. Bb7 Kc4 57. Bc6 Kc5 58. Ba4 Kb4 59. Bc2 Kc3 60. Ba4 Kb4 61. Bc6 Kc5 62. Bf3 Bd5 63. Be2 Be4 64. Bd1 Bd5 65. Bc2 Be6 66. Ba4 Bf7 67. Bc2 Kb4 68. Bd3 Kc3 69. Be2 Bc4 70. Bf3 Be6 71. Bc6 Bf7 72. Bd7 Kc4 73. Bc6 Kc5 1/2-1/2


[Site "https://www.chess.com"]

[Event "Titled Tuesday Blitz March 22 Early 2022"]
[White "Bintang, Rasyid A. Hidayat"]
[Black "Dinu, Dumitru-Daniel"]
[WhiteFideId "7105355"]
[BlackFideId "1208403"]
[WhiteElo "2378"]
[BlackElo "2240"]
[Result "0-1"]
[Round "10"]
[TimeControl "180+1"]
[Date "2022.03.22"]
[WhiteClock "0:01:51"]
[BlackClock "0:01:45"]

1. d4 Nf6 2. Bf4 d5 3. e3 c5 4. Nd2 Nc6 5. Ngf3 e6 6. c3 cxd4 7. exd4 Nh5 8. Bg5 f6 9. Be3 Bd6 10. g3 O-O 11. Bg2 f5 12. Bg5 Qb6 13. Qb3 h6 14. Qxb6 axb6 15. Be3 f4 16. gxf4 Bxf4 17. O-O Ne7 18. Rfe1 Nf5 19. Bxf4 Nxf4 20. Ne5 Nh4 21. Bf1 Rf5 22. Re3 Nfg6 23. Nxg6 Nxg6 24. Rg3 Nf4 25. Re3 Bd7 26. Bd3 Rg5+ 27. Kf1 Nxd3 28. Rxd3 Bb5 0-1


[Site "https://www.chess.com"]

[Event "Titled Tuesday Blitz March 22 Early 2022"]
[White "Borodavkin, Anatoly"]
[Black "Horcajuelo Rocamora, Martin"]
[WhiteFideId "14150662"]
[BlackFideId "24573027"]
[WhiteElo "1845"]
[BlackElo "1706"]
[Result "1/2-1/2"]
[Round "10"]
[TimeControl "180+1"]
[Date "2022.03.22"]
[WhiteClock "0:00:03"]
[BlackClock "0:00:09"]

1. e4 e5 2. Nf3 Nc6 3. Bb5 Nf6 4. O-O Nxe4 5. d4 Nd6 6. Bxc6 dxc6 7. dxe5 Nf5 8. Qxd8+ Kxd8 9. Nc3 Bd7 10. Bf4 Kc8 11. Rfd1 h6 12. h3 Be7 13. Rd3 b6 14. Rad1 Be6 15. b3 Kb7 16. g4 Nh4 17. Nd4 Bd5 18. Bg3 Rad8 19. Nxd5 cxd5 20. Bxh4 Bxh4 21. Nf5 Bg5 22. Rxd5 Rxd5 23. Rxd5 g6 24. Ng3 Bf4 25. Ne2 Bg5 26. f4 Bh4 27. Kg2 h5 28. Nd4 hxg4 29. hxg4 Be7 30. Rd7 Re8 31. c4 a6 32. e6 f6 33. f5 g5 34. Kf3 Bd6 35. Ne2 Rh8 36. Rf7 Rh3+ 37. Kg2 Rh2+ 38. Kf3 Be5 39. b4 Rh3+ 40. Kg2 Rh2+ 41. Kf3 Rh3+ 42. Kg2 Rh4 43. Kf3 Rh8 44. c5 bxc5 45. bxc5 Kc6 46. Nc1 Kd5 47. Nd3 Rh3+ 48. Ke2 Rh2+ 49. Kf3 Rh3+ 50. Ke2 Rh2+ 51. Kf3 Rh3+ 1/2-1/2


[Site "https://www.chess.com"]

[Event "Titled Tuesday Blitz March 22 Early 2022"]
[White "Bryakin, Mikhail"]
[Black "Kanyamarala, Tarun"]
[WhiteFideId "4165314"]
[BlackFideId "45004714"]
[WhiteElo "2417"]
[BlackElo "2075"]
[Result "1-0"]
[Round "10"]
[TimeControl "180+1"]
[Date "2022.03.22"]
[WhiteClock "0:00:19"]
[BlackClock "0:00:06"]

1. e4 Nf6 2. Nc3 d5 3. exd5 Nxd5 4. Nge2 Nb6 5. d4 g6 6. g3 Bg7 7. Bg2 O-O 8. O-O Nc6 9. d5 Nb4 10. a3 Na6 11. Bf4 Nc4 12. Rb1 Nd6 13. b3 Rb8 14. Qd2 e5 15. Bh6 f5 16. Bxg7 Kxg7 17. f4 e4 18. Nd1 c6 19. Ne3 cxd5 20. Qxd5 Nc7 21. Qd4+ Qf6 22. a4 Qxd4 23. Nxd4 Ne6 24. Rfd1 Nxd4 25. Rxd4 Nf7 26. Rbd1 Be6 27. Kf2 Rfd8 28. Bf1 Kf6 29. a5 Rxd4 30. Rxd4 Rd8 31. Rxd8 Nxd8 32. b4 Nc6 33. c3 a6 34. Be2 Ke7 35. Ke1 Kd6 36. Kd2 Ne7 37. c4 Nc6 38. Kc3 Bd7 39. c5+ Ke7 40. Nc4 Be6 41. Nd6 Nd8 42. Kd4 Nc6+ 43. Kc3 Nd8 44. h4 Bd5 45. Kd4 Ke6 46. h5 Nc6+ 47. Kc3 Nd8 48. h6 Nf7 49. Nxf7 Kxf7 50. Kd4 Ke6 51. b5 axb5 52. Bxb5 Bc6 53. Bc4+ Kf6 54. Bg8 Be8 55. Bd5 1-0


[Site "https://www.chess.com"]

[Event "Titled Tuesday Blitz March 22 Early 2022"]
[White "Buscar, Michael"]
[Black "Siniauski, Artsiom"]
[WhiteFideId "2603616"]
[BlackFideId "13512269"]
[WhiteElo "2010"]
[BlackElo "2187"]
[Result "1-0"]
[Round "10"]
[TimeControl "180+1"]
[Date "2022.03.22"]
[WhiteClock "0:00:05"]
[BlackClock "0:00:01"]

1. d4 Nf6 2. c4 e6 3. Nf3 b6 4. g3 Bb4+ 5. Bd2 Be7 6. Nc3 Bb7 7. Qc2 c6 8. e4 d5 9. cxd5 cxd5 10. e5 Nfd7 11. Bd3 Nc6 12. a3 h6 13. h4 a6 14. h5 b5 15. Ne2 Rc8 16. Qd1 Nb6 17. Kf1 Nc4 18. Bc1 b4 19. Kg2 bxa3 20. bxa3 a5 21. Rb1 Ba6 22. Qa4 O-O 23. Nd2 Qd7 24. Nf1 N6xe5 25. Qxd7 Nxd7 26. Nf4 Rb8 27. Ra1 Bf6 28. Be3 Nxe3+ 29. fxe3 Rb2+ 30. Kf3 Bc4 31. Rh2 Rfb8 32. Rd2 e5 33. Bxc4 dxc4 34. Nd5 exd4 35. Nxf6+ Nxf6 36. Rxd4 c3 37. Rc4 c2 38. Rc1 R8b3 39. a4 Nd5 40. R1xc2 Rxc2 41. Rxc2 Rb4 42. Rc8+ Kh7 43. Rc5 Nb6 44. Rxa5 Nxa4 45. Ra7 f6 46. g4 Nc3 47. Ng3 Kg8 48. Nf5 Ne4 49. Rxg7+ Kf8 50. Rh7 Ng5+ 51. Kg3 Nxh7 52. Nxh6 Ng5 53. Nf5 Rb1 54. Kf2 Kf7 55. Ke2 Rh1 56. Kf2 Ke6 57. Kg2 Ra1 58. Kf2 Ra2+ 59. Kg3 Ne4+ 60. Kf4 Ng5 61. Kg3 Ke5 62. h6 Ra7 63. Kh4 Ra2 64. Kh5 Ke6 65. Kg6 Rh2 66. Kg7 Ke5 67. Ng3 1-0


[Site "https://www.chess.com"]

[Event "Titled Tuesday Blitz March 22 Early 2022"]
[White "Chigaev, Maksim"]
[Black "Grandelius, Nils"]
[WhiteFideId "4108116"]
[BlackFideId "1710400"]
[WhiteElo "2502"]
[BlackElo "2617"]
[Result "1-0"]
[Round "10"]
[TimeControl "180+1"]
[Date "2022.03.22"]
[WhiteClock "0:00:05"]
[BlackClock "0:00:08"]

1. d4 d5 2. c4 e6 3. Nf3 a6 4. g3 dxc4 5. Bg2 c5 6. O-O cxd4 7. Qxd4 Qxd4 8. Nxd4 e5 9. Nc2 Nc6 10. Nc3 Be6 11. Rd1 Rc8 12. Nd5 Nf6 13. Nb6 Rc7 14. Be3 Be7 15. Rac1 O-O 16. Na3 c3 17. Rxc3 Bb4 18. Rcc1 Bxa2 19. Bc5 Bxc5 20. Rxc5 Rb8 21. h3 Kf8 22. b4 Be6 23. b5 axb5 24. Nxb5 Re7 25. g4 h6 26. Nc3 Nd7 27. Nxd7+ Rxd7 28. Rb1 Rc8 29. e3 Ke7 30. Na4 Rcd8 31. Bf3 Bd5 32. Bxd5 Rxd5 33. Rxb7+ R5d7 34. Rb6 Nb8 35. Rxe5+ Kf8 36. Reb5 Ra7 37. Nc5 Ra1+ 38. Kg2 Nd7 39. Rd6 Ke7 40. Rxd7+ Rxd7 41. Nxd7 Kxd7 42. Re5 f6 43. Re4 Ra5 44. h4 h5 45. gxh5 Rxh5 46. Rg4 Rh7 47. Re4 Kd6 48. Kg3 Rh8 49. Kg4 g6 50. Ra4 Ke6 51. Ra6+ Kf7 52. Ra7+ Ke6 53. Rg7 Rh6 54. e4 Ke5 55. f3 Ke6 56. f4 Kd6 57. f5 gxf5+ 58. exf5 Ke5 59. Re7+ Kd5 60. Re6 Kd4 61. h5 Kd5 62. Ra6 Ke5 63. Re6+ Kd5 64. Re8 Rh7 65. Rd8+ Ke5 66. Re8+ Kd5 67. Rg8 Ke5 68. Rg6 Ra7 69. h6 Ra1 70. Rg7 Rg1+ 71. Kh5 Rf1 72. Kg6 Rxf5 73. Re7+ Kf4 74. h7 Rg5+ 75. Kxf6 Rh5 76. Kg6 Rh2 77. Kg7 Kg5 78. h8=Q Rxh8 79. Kxh8 1-0


[Site "https://www.chess.com"]

[Event "Titled Tuesday Blitz March 22 Early 2022"]
[White "Ciolacu, Alessia-Mihaela"]
[Black "Ferreira, Vitor Hugo Vieira"]
[WhiteFideId "1252640"]
[BlackFideId "2119765"]
[WhiteElo "1777"]
[BlackElo "2165"]
[Result "1-0"]
[Round "10"]
[TimeControl "180+1"]
[Date "2022.03.22"]
[WhiteClock "0:01:38"]
[BlackClock "0:01:24"]

1. Nf3 Nf6 2. c4 g6 3. Nc3 Bg7 4. d4 d6 5. Bg5 O-O 6. e3 c5 7. d5 Qa5 8. Bd3 e6 9. dxe6 Bxe6 10. O-O Nc6 11. Qe2 Rfe8 12. a3 Rad8 13. Rab1 h6 14. Bh4 g5 15. Bg3 d5 16. cxd5 Nxd5 17. Nxd5 Bxd5 18. e4 f5 19. Bc4 Rxe4 20. Bxd5+ Rxd5 21. Qc2 Qd8 22. Rbd1 Nd4 23. Nxd4 Rexd4 24. Rxd4 cxd4 25. Qb3 f4 26. Rc1 fxg3 27. Rc5 gxf2+ 28. Kf1 Kh8 29. Qxd5 Qf8 30. Qf5 Qxf5 31. Rxf5 d3 32. Rd5 Bxb2 33. Rxd3 b5 34. Kxf2 a5 35. Rb3 Bc1 36. Rxb5 Bxa3 37. Rxa5 Bd6 38. Ra6 Bf8 39. Kf3 Kg7 40. Kg4 Bc5 41. Rc6 Bg1 42. h3 Be3 43. Kh5 Bd2 44. Rxh6 g4 45. Rg6+ Kf7 46. Rxg4 1-0


[Site "https://www.chess.com"]

[Event "Titled Tuesday Blitz March 22 Early 2022"]
[White "Coto Mederos, Michel"]
[Black "Siva Mahadevan"]
[WhiteFideId "3508528"]
[BlackFideId "25043153"]
[WhiteElo "2427"]
[BlackElo "2203"]
[Result "0-1"]
[Round "10"]
[TimeControl "180+1"]
[Date "2022.03.22"]
[WhiteClock "0:00:02"]
[BlackClock "0:00:18"]

1. c4 Nf6 2. Nc3 g6 3. g3 Bg7 4. Bg2 O-O 5. e4 d6 6. Nge2 c5 7. O-O Nc6 8. d3 Ne8 9. h3 Nc7 10. Be3 Ne6 11. f4 Ned4 12. Qd2 e6 13. g4 f5 14. exf5 exf5 15. g5 Be6 16. Rae1 Qd7 17. Bf2 Rae8 18. Nxd4 Nxd4 19. Ne2 Nc6 20. b3 d5 21. Bxc5 dxc4 22. Bxf8 Rxf8 23. bxc4 Bxc4 24. Rd1 Bd5 25. d4 Re8 26. Rfe1 Bxg2 27. Kxg2 Qd5+ 28. Kh2 Rd8 29. Qe3 Qxa2 30. d5 Nb4 31. Qe6+ Kf8 32. Kh1 Nxd5 33. Nd4 Qa3 34. Kh2 Nxf4 35. Qc4 Qxh3+ 36. Kg1 Qg2# 0-1


[Site "https://www.chess.com"]

[Event "Titled Tuesday Blitz March 22 Early 2022"]
[White "Cramling Bellon, Anna"]
[Black "Saim, Mohamed Ilias"]
[WhiteFideId "32009232"]
[BlackFideId "7900465"]
[WhiteElo "1905"]
[BlackElo "2006"]
[Result "0-1"]
[Round "10"]
[TimeControl "180+1"]
[Date "2022.03.22"]
[WhiteClock "0:00:01"]
[BlackClock "0:00:16"]

1. d4 Nf6 2. c4 g6 3. Nc3 Bg7 4. e4 d6 5. h3 Nbd7 6. Bg5 h6 7. Be3 e5 8. d5 O-O 9. Nf3 Nh5 10. g3 a5 11. Be2 b6 12. Nh4 Nhf6 13. Qd2 Kh7 14. O-O-O Nc5 15. Qc2 a4 16. f4 exf4 17. gxf4 a3 18. b3 Ncxe4 19. Nxe4 Nxe4 20. Nxg6 fxg6 21. Qxe4 Bf5 22. Qg2 Bb2+ 23. Kd2 Qf6 24. Ke1 Rae8 25. Qg3 Re7 26. Bd2 Rfe8 27. Rh2 Bc2 28. Rc1 Bxc1 29. Bxc1 Qa1 30. Kd2 Bf5 31. Bxa3 Qxa2+ 32. Kc3 Qxa3 33. Bg4 Re3+ 0-1


[Site "https://www.chess.com"]

[Event "Titled Tuesday Blitz March 22 Early 2022"]
[White "Cupid, Kevin"]
[Black "Yang, Kevin"]
[WhiteFideId "7700512"]
[BlackFideId "30908485"]
[WhiteElo "2096"]
[BlackElo "2055"]
[Result "1-0"]
[Round "10"]
[TimeControl "180+1"]
[Date "2022.03.22"]
[WhiteClock "0:00:07"]
[BlackClock "0:00:07"]

1. d4 Nf6 2. c4 e6 3. Nf3 c5 4. dxc5 Bxc5 5. e3 O-O 6. a3 a5 7. Bd3 b6 8. O-O Bb7 9. b3 d5 10. Nbd2 Re8 11. Bb2 Nbd7 12. cxd5 exd5 13. Rc1 Ne4 14. Bb5 Nd6 15. Bd3 Qe7 16. Qc2 Ne4 17. Bb5 Rec8 18. Qd3 Ndf6 19. a4 Ba3 20. Rxc8+ Rxc8 21. Bd4 Bc5 22. Ba1 Nd6 23. Ba6 Bb4 24. Bxb7 Nxb7 25. Bxf6 Qxf6 26. Qxd5 Nc5 27. Ne4 Nxe4 28. Qxe4 h5 29. Nd4 g6 30. h3 Kg7 31. Qb7 Rc3 32. Qd5 Bc5 33. Nb5 Rc2 34. Nd4 Rb2 35. g4 hxg4 36. hxg4 Qh4 37. Qe5+ Kh7 38. Qf4 Kg8 39. Kg2 Bxd4 40. Qxd4 Rxb3 41. Rh1 Rb4 42. Rxh4 Rxd4 43. exd4 Kf8 44. Rh1 Ke7 45. Rc1 Kd6 46. Kf3 Kd5 47. Ke3 f5 48. gxf5 gxf5 49. f4 1-0


[Site "https://www.chess.com"]

[Event "Titled Tuesday Blitz March 22 Early 2022"]
[White "Dahlgren, James Allen"]
[Black "Schrik, Rachid"]
[WhiteFideId "22256873"]
[BlackFideId "1009818"]
[WhiteElo "2129"]
[BlackElo "2070"]
[Result "0-1"]
[Round "10"]
[TimeControl "180+1"]
[Date "2022.03.22"]
[WhiteClock "0:00:13"]
[BlackClock "0:00:21"]

1. d3 e5 2. f4 Nc6 3. Nf3 Bd6 4. f5 Nf6 5. e4 Bc5 6. c3 d5 7. b4 dxe4 8. bxc5 exf3 9. Qxf3 Qe7 10. Be3 e4 11. dxe4 Nxe4 12. Bb5 O-O 13. O-O Bd7 14. Na3 Rfe8 0-1


[Site "https://www.chess.com"]

[Event "Titled Tuesday Blitz March 22 Early 2022"]
[White "Demchenko, Anton"]
[Black "Martin Duque, Jesus"]
[WhiteFideId "4160258"]
[BlackFideId "2208954"]
[WhiteElo "2539"]
[BlackElo "2243"]
[Result "1-0"]
[Round "10"]
[TimeControl "180+1"]
[Date "2022.03.22"]
[WhiteClock "0:00:36"]
[BlackClock "0:01:13"]

1. e4 c5 2. Nf3 b6 3. d4 cxd4 4. Nxd4 Bb7 5. Nc3 a6 6. f3 e6 7. Be3 Qc7 8. Qd2 b5 9. O-O-O Nf6 10. Kb1 Be7 11. g4 d6 12. g5 Nfd7 13. h4 Ne5 14. h5 Nbd7 15. Qf2 Rc8 16. Rg1 b4 17. Nce2 Nc4 18. g6 hxg6 19. hxg6 Bf6 20. Bg5 Nxb2 21. gxf7+ Kxf7 22. Bxf6 Nxd1 23. Rxg7+ Kxf6 24. Qg3 Qc5 25. Qg6+ Ke5 26. f4# 1-0


[Site "https://www.chess.com"]

[Event "Titled Tuesday Blitz March 22 Early 2022"]
[White "Donchenko, Alexander"]
[Black "Jumabayev, Rinat"]
[WhiteFideId "24603295"]
[BlackFideId "13702661"]
[WhiteElo "2539"]
[BlackElo "2561"]
[Result "1-0"]
[Round "10"]
[TimeControl "180+1"]
[Date "2022.03.22"]
[WhiteClock "0:00:36"]
[BlackClock "0:00:01"]

1. Nf3 c5 2. c4 Nf6 3. g3 d5 4. Bg2 d4 5. b4 Qc7 6. Qb3 e5 7. d3 cxb4 8. a3 a5 9. axb4 Bxb4+ 10. Bd2 Na6 11. O-O O-O 12. Na3 Bd7 13. Rfb1 Rab8 14. Bxb4 Nxb4 15. Nc2 Nxc2 16. Qxc2 b5 17. Nd2 b4 18. c5 Rfc8 19. c6 Bg4 20. Nc4 Rb5 21. Ra4 Nd5 22. Bxd5 Rxd5 23. Qa2 Qxc6 24. Nb6 Qxb6 25. Qxd5 Rc5 26. Qe4 Bd7 27. Qa8+ 1-0


[Site "https://www.chess.com"]

[Event "Titled Tuesday Blitz March 22 Early 2022"]
[White "Estrada Nieto, Julian"]
[Black "Tay, Junior"]
[WhiteFideId "5101018"]
[BlackFideId "5800439"]
[WhiteElo "2246"]
[BlackElo "2216"]
[Result "0-1"]
[Round "10"]
[TimeControl "180+1"]
[Date "2022.03.22"]
[WhiteClock "0:00:03"]
[BlackClock "0:00:28"]

1. e4 c5 2. Nf3 d6 3. Bb5+ Bd7 4. Bxd7+ Qxd7 5. O-O Nc6 6. Re1 Nf6 7. c3 e6 8. d4 cxd4 9. cxd4 d5 10. e5 Ne4 11. Nbd2 Nxd2 12. Bxd2 Be7 13. Rc1 O-O 14. Rc3 Rac8 15. a3 Bd8 16. Rd3 Bb6 17. Bc3 Rc7 18. h4 Rfc8 19. Ng5 h6 20. Nh3 Qe7 21. Qg4 Ba5 22. Rg3 Qf8 23. b4 Bb6 24. Bd2 Kh7 25. Ng5+ Kh8 26. Nf3 Ne7 27. h5 Nf5 28. Rh3 Rc4 29. Be3 a5 30. bxa5 Bxa5 31. Rb1 b6 32. Qf4 Nxe3 33. fxe3 Rc1+ 34. Rxc1 Rxc1+ 35. Kh2 Rc7 36. e4 dxe4 37. Qxe4 Rc3 38. a4 Rc4 39. Qd3 Rxa4 40. d5 exd5 41. Qxd5 Ra1 42. Nd4 Rd1 43. Rf3 Kg8 44. e6 Qb8+ 45. g3 Rd2+ 46. Kh3 Qc8 47. Rxf7 Bc3 0-1


[Site "https://www.chess.com"]

[Event "Titled Tuesday Blitz March 22 Early 2022"]
[White "Fiol, Fabrice"]
[Black "Stefanov, Plamen"]
[WhiteFideId "611670"]
[BlackFideId "2900980"]
[WhiteElo "2431"]
[BlackElo "2137"]
[Result "1-0"]
[Round "10"]
[TimeControl "180+1"]
[Date "2022.03.22"]
[WhiteClock "0:00:02"]
[BlackClock "0:00:01"]

1. e4 d5 2. exd5 Nf6 3. Nf3 Nxd5 4. h3 Bf5 5. a3 e6 6. d4 Be7 7. Bd3 Bg6 8. c4 Nb6 9. O-O O-O 10. Be3 Nc6 11. Bxg6 hxg6 12. Qc2 Bf6 13. Rd1 Qe7 14. b4 Rfd8 15. c5 Nd5 16. Nc3 Nxe3 17. fxe3 e5 18. d5 e4 19. Nxe4 Bxa1 20. d6 cxd6 21. cxd6 Qe6 22. Rxa1 f5 23. Nc5 Qxe3+ 24. Kh1 Rxd6 25. Nxb7 Rf6 26. Re1 Qf4 27. Qb3+ Kh7 28. Nc5 g5 29. Ne6 Rxe6 30. Qxe6 Nd8 31. Qe7 Kg6 32. Ne5+ Kh6 33. Qe8 Nf7 34. Qxf7 Qxe5 35. Rxe5 Rd8 36. Re6+ Kh7 37. Kh2 1-0


[Site "https://www.chess.com"]

[Event "Titled Tuesday Blitz March 22 Early 2022"]
[White "Gabrielian, Artur"]
[Black "Deac, Bogdan-Daniel"]
[WhiteFideId "4131002"]
[BlackFideId "1226380"]
[WhiteElo "2440"]
[BlackElo "2646"]
[Result "0-1"]
[Round "10"]
[TimeControl "180+1"]
[Date "2022.03.22"]
[WhiteClock "0:00:07"]
[BlackClock "0:00:05"]

1. e4 c5 2. Nf3 Nc6 3. Bb5 g6 4. O-O Bg7 5. Re1 Nf6 6. e5 Nd5 7. Nc3 Nc7 8. Bxc6 dxc6 9. Ne4 Ne6 10. h3 O-O 11. d3 b6 12. b3 Nd4 13. Bb2 Qd5 14. Nxd4 cxd4 15. f4 c5 16. Qf3 Bb7 17. Re2 f5 18. exf6 exf6 19. Qg3 Rae8 20. Rae1 Qd7 21. f5 Bxe4 22. Rxe4 Rxe4 23. dxe4 Qf7 24. Bc1 Re8 25. h4 Kh8 26. Bd2 Bf8 27. a4 a6 28. Qf3 b5 29. axb5 axb5 30. Qd3 gxf5 31. exf5 Rxe1+ 32. Bxe1 Qd5 33. Bf2 b4 34. h5 Bd6 35. g3 Kg7 36. Kh2 Kf7 37. Kg1 Bc7 38. Qc4 Qxc4 39. bxc4 d3 40. Be3 dxc2 41. Bc1 b3 0-1


[Site "https://www.chess.com"]